 Dungeon Crawl Stone Soup version 0.25.0-45-g978344163c (webtiles) character file.

Game seed: 163707296476281147

259 Gwenloh the Chopper (level 6, 0/55 HPs)
             Began as a Hill Orc Monk on July 12, 2020.
             Was a Follower of Beogh.
             Slain by an orc
             ... wielding a +2 mace of protection
              (2 damage)
             ... on level 5 of the Dungeon.
             The game lasted 00:10:59 (4031 turns).

Gwenloh the Chopper (Hill Orc Monk)                 Turns: 4031, Time: 00:11:00

Health: 0/55       AC:  6    Str: 14    XL:     6   Next: 17%
Magic:  0/7        EV: 10    Int: 10    God:    Beogh [*.....]
Gold:   157        SH:  0    Dex: 15    Spells: 5/5 levels left

rFire    . . .     SeeInvis .   a - +0 hand axe (flame)
rCold    . . .     Gourm    .   (no shield)
rNeg     . . .     Faith    .   n - +0 scale mail
rPois    .         Spirit   +   (no helmet)
rElec    .         Reflect  .   (no cloak)
rCorr    .         Harm     .   (no gloves)
MR       .....                  (no boots)
Stlth    +.........             t - amulet of guardian spirit
HPRegen  0.18/turn              (no ring)
MPRegen  0.10/turn              (no ring)

@: no status effects
A: no striking features
a: Renounce Religion


You were on level 5 of the Dungeon.
You worshipped Beogh.
Beogh was aware of your devotion.
You were not hungry.

You visited 1 branch of the dungeon, and saw 5 of its levels.

You collected 157 gold pieces.

Inventory:

Hand Weapons
 a - a +0 hand axe of flaming (weapon)
 v - a +0 war axe
Missiles
 i - 165 stones (quivered)
 l - 43 bolts
 u - 34 sling bullets
Armour
 f - a +0 chain mail of magic resistance
 k - a +0 leather armour
 n - a +0 scale mail (worn)
 s - a +0 kite shield
Jewellery
 r - an uncursed amulet of regeneration
 t - an amulet of guardian spirit (around neck)
Scrolls
 b - 2 scrolls of enchant weapon {unknown}
 d - 3 scrolls of remove curse {unknown}
 e - 4 scrolls of identify {unknown}
 g - 3 scrolls of magic mapping {unknown}
 m - a scroll of enchant armour {unknown}
 o - a scroll of random uselessness {unknown}
 p - a scroll of teleportation {unknown}
 w - a scroll of blinking
 y - a scroll of fog {unknown}
Potions
 h - a potion of stabbing {unknown}
 j - a potion of heal wounds {unknown}
 q - a potion of resistance {unknown}
 x - a potion of flight {unknown}
Comestibles
 c - 7 rations
 z - 3 chunks of flesh


   Skills:
 + Level 4.8 Fighting
 * Level 6.4 Axes
 + Level 2.5 Armour
 - Level 2.4 Dodging
 - Level 1.5 Stealth
 + Level 1.0 Shields
 * Level 2.6 Invocations


You had 5 spell levels left.
You didn't know any spells.
Your spell library was empty.

Dungeon Overview and Level Annotations

Branches:
Dungeon (5/15)             Temple (0/1) D:4

Altars:
Dithmenos
Elyvilon
Gozag
Okawaru
Sif Muna
Yredelemnul
The Shining One

Annotations:
D:3 2 transporters, ConnectionFaild's ghost, amateur MfIE


Message History

There is a stone staircase leading up here.
You hit the ogre. You burn the ogre.
The ogre is lightly wounded.
You closely miss the orc. The ogre barely misses you.
The orc hits you but does no damage.
You hit the ogre but do no damage.
The ogre is lightly wounded.
Your scale mail prevents you from hitting the orc.
The ogre hits you with a +0 giant spiked club!
You hit the ogre. You burn the ogre.
The ogre is moderately wounded.
You barely miss the orc.
The orc hits you with a +2 mace of protection.
The ogre hits you with a +0 giant spiked club!!
Ouch! That really hurt!
* * * LOW HITPOINT WARNING * * *
You hear an angry hiss.
The orc hits you with a +2 mace of protection.
You die...
Beogh appreciates the orc's killing of a heretic priest.

##.# #....#. ##...
...##. ....##
.#......###.##
.....#
.##.....###..#......
##......
#.....#...###
.......#
#....#.....# .......
##..........#
..###.. ....$......#
..)# ......o@...#
...# .....##.O.>...#
##..# .[. ..[....#.
..# . ........# ##
...........
...##....... ....
......r .....
....#.#


You could see an ogre, an orc and a quokka.

Vanquished Creatures
  A hound (D:4)
  A centaur skeleton (D:4)
  An iguana (D:4)
  A worker ant (D:4)
  5 adders
  A shadow imp (D:4)
  An ooze (D:1)
  An adder zombie (D:5)
  A worm (D:2)
  A dart slug (D:2)
  7 leopard geckos
  5 orcs
  A giant cockroach (D:2)
  9 goblins
  11 hobgoblins
  3 jackals (D:2)
  7 kobolds
  A quokka (D:2)
  3 ball pythons
  11 bats
  3 rats
75 creatures vanquished.

Vanquished Creatures (others)
  2 orc wizards (D:4)
  An orc priest (D:4)
  An orc (D:4)
  A giant cockroach (D:4)
5 creatures vanquished.

Grand Total: 80 creatures vanquished

Notes
Turn   | Place    | Note
-------+----------+-------------------------------------------
     0 | D:1      | Gwenloh the Hill Orc Monk began the quest for the Orb.
     0 | D:1      | Reached XP level 1. HP: 19/19 MP: 1/1
   211 | D:1      | Reached XP level 2. HP: 14/27 MP: 2/2
   841 | D:1      | Reached skill level 1 in Armour
   994 | D:1      | Reached XP level 3. HP: 33/33 MP: 3/3
  1208 | D:2      | Reached skill level 5 in Axes
  1326 | D:2      | Found a white marble altar of Elyvilon.
  1491 | D:2      | Reached XP level 4. HP: 37/40 MP: 4/4
  2311 | D:3      | Found a transporter.
  2312 | D:3      | Noticed a small abomination
  2314 | D:3      | Noticed ConnectionFaild's ghost (amateur MfIE)
  2336 | D:3      | Found a transporter.
  3094 | D:4      | Became a worshipper of Beogh the Brigand
  3094 | D:4      | Reached * piety under Beogh
  3094 | D:4      | Reached ** piety under Beogh
  3119 | D:4      | Found a basalt altar of Yredelemnul.
  3137 | D:4      | Reached skill level 1 in Invocations
  3137 | D:4      | Reached XP level 5. HP: 40/47 MP: 5/5
  3229 | D:4      | Reached skill level 6 in Axes
  3231 | D:4      | Found a shimmering blue altar of Sif Muna.
  3299 | D:4      | Found an iron altar of Okawaru.
  3618 | D:4      | Found a glowing golden altar of the Shining One.
  3618 | D:4      | Found an opulent altar of Gozag.
  3738 | D:4      | Reached XP level 6. HP: 55/55 MP: 7/7
  3783 | D:4      | Found a staircase to the Ecumenical Temple.
  3811 | D:5      | Entered Level 5 of the Dungeon
  3820 | D:5      | Reached skill level 1 in Shields
  3888 | D:5      | Found a shadowy altar of Dithmenos.
  4030 | D:5      | HP: 2/55 [ogre/+0 giant spiked club (30)]
  4031 | D:5      | Slain by an orc

Illustrated notes

Levels and vault maps discovered:
D:1:      saegor_arrival_under_anarchy, layout_rooms
D:2:      layout_basic, eino_tiny_chamber, elyvilon_altar_4
D:3:      layout_loops_ring, first_ration, gammafunk_ghost_abyssal_escape,
          grunt_decor_resistance, amethyst_killhole
D:4:      layout_rooms, nicolae_overflow_hidden_temple,
          gammafunk_temple_overflow_elements,
          minmay_temple_entry_enclosed_plants
D:5:      layout_cave_pools, nicolae_overflow_crystal_walls

Skill      XL: |  1  2  3  4  5  6 |
---------------+-------------------+-----
Armour         | 1 2 |  2.5
Fighting       | 4 |  4.8
Axes           | 5 6 |  6.4
Invocations    | 1 2 |  2.6
Shields        | 1 |  1.0
Dodging        | |  2.4
Stealth        | |  1.5

Action                   |  1- 3 |  4- 6 || total
-------------------------+-------+-------++-------
Melee: Hand axe          |   142 |   131 ||   273
Throw: Stone             |    30 |    17 ||    47
       Throwing net      |       |     2 ||     2
Invok: Convert to Beogh  |       |     1 ||     1
       Smiting           |       |     2 ||     2
  Eat: Chunk             |     2 |     8 ||    10
Armor: Robe              |    10 |       ||    10
       Leather armour    |     6 |       ||     6
       Scale mail        |    18 |    46 ||    64
Dodge: Dodged            |    90 |    63 ||   153
